 Dungeon Crawl Stone Soup version 0.32-a0-818-gb728d0252e (webtiles) character file.

Game seed: 7519239647315218858

44 AstroCodex24 the Trooper (level 3, 0/29 HPs)
             Began as a Vampire Fighter on Mar 23, 2024.
             Slain by an iguana (7 damage)
             ... on level 4 of the Dungeon.
             The game lasted 00:01:38 (378 turns).

AstroCodex24 the Trooper (Vampire Fighter)           Turns: 378, Time: 00:01:38

Health: 0/29       AC:  7    Str: 17    XL:     3   Next: 41%
Magic:  3/3        EV:  8    Int: 10    God:
Gold:   0          SH:  4    Dex: 13    Spells: 2/2 levels left

rFire   . . .        a - +0 war axe
rCold   . . .        c - +0 buckler
rNeg    . . .        b - +0 scale mail
rPois   .            e - +0 helmet
rElec   .            (no cloak)
rCorr   .            (no gloves)
SInv    +            (no boots)
Will    .....        (no amulet) Stlth
                     (no ring)
HPRegen 0.44/turn    (no ring)
MPRegen 0.08/turn

%: no passive effects
@: healing quickly
A: alive, fangs 3, see invisible, vampiric 2
a: Exsanguinate


You were on level 4 of the Dungeon.
You visited 1 branch of the dungeon, and saw 5 of its levels.

Inventory:

Hand Weapons
 a - a +0 war axe (weapon)
Armour
 b - a +0 scale mail (worn)
 c - a +0 buckler (worn)
 e - a +0 helmet (worn)
Wands
 f - a wand of polymorph (6)
Potions
 d - a potion of might


   Skills:
 + Level 3.2 Fighting
 + Level 2.1 Axes
 + Level 2.8 Armour
 + Level 0.2 Dodging
 + Level 3.0 Shields


You had 2 spell levels left.
You didn't know any spells.
Your spell library was empty.

Dungeon Overview and Level Annotations

Branches:
Dungeon (5/15)
 Temple: D:4-7

Altars:


Innate Abilities, Weirdness & Mutations

Your natural rate of healing is accelerated.
You have razor-sharp teeth.
You have supernaturally acute eyesight. (SInv)
You are afflicted with vampirism and can become a bat while bloodless.


Message History

The endoplasm is severely wounded.
The endoplasm freezes you.
You are frozen.
The endoplasm freezes you.
You are frozen.
You hit the endoplasm.
You kill the endoplasm!
A hobgoblin comes into view.
Found a stone staircase leading down.
You slash the hobgoblin!
You kill the hobgoblin!
There is a stone staircase leading down here.
There is a stone staircase leading down here.
You climb downwards.
You hear the hiss of flowing sand.
There is an entrance to an ossuary on this level.
Hurry and find it before the portal is buried!
The iguana hisses angrily.
Found six items.
There is a stone staircase leading up here.
There is a stone staircase leading up here.
You climb upwards.
There is a stone staircase leading down here.
You climb downwards.
You hear the hiss of flowing sand.
There is an entrance to an ossuary on this level.
Hurry and find it before the portal is buried!
You block the iguana's attack. The phantom barely misses you.
The iguana completely misses you.
The phantom hits you but does no damage.
There is a stone staircase leading up here.
The iguana bites you! The phantom barely misses you.
You climb upwards.
There is a stone staircase leading down here.
The phantom attacks as it pursues you! The phantom hits you.
The iguana attacks as it pursues you! The iguana bites you!
* * * LOW HITPOINT WARNING * * *
The iguana attacks as it pursues you! You block the iguana's attack.
You hit the iguana. Your bite misses the iguana.
The iguana is moderately wounded.
You closely miss the phantom. The iguana bites you!
You die...

...... ......
..... #.#..
#.#.# #
####.#.#
###.##....#.#
.......>.l@.#
######...W###.#
#........#
######...######
.........# .#
..####...# .#
#...######.#
##.......#.#
#...####.#.###


You could see a phantom and an iguana.

Vanquished Creatures
  An iguana (D:4)
  2 dart slugs
  A ribbon worm (D:4)
  2 endoplasms (D:4)
  A goblin (D:1)
  2 hobgoblins
  2 quokkas
  A ball python (D:4)
  A kobold (D:2)
13 creatures vanquished.

Notes
Turn   | Place    | Note
-------+----------+-------------------------------------------
     0 | D:1      | AstroCodex24 the Vampire Fighter began the quest for the
                  | Orb.
     0 | D:1      | Reached XP level 1. HP: 17/17 MP: 1/1
   126 | D:3      | Reached XP level 2. HP: 22/24 MP: 2/2
   190 | D:4      | Gained mutation: You are afflicted with vampirism and can
                  | become a bat while bloodless. [Vampire growth]
   190 | D:4      | Reached XP level 3. HP: 20/29 MP: 3/3
   366 | D:5      | Entered Level 5 of the Dungeon
   366 | D:5      | Noticed a phantom
   378 | D:4      | Slain by an iguana

Illustrated notes

Levels and vault maps discovered:
D:1:      mrwooster_arrival_statue_3, layout_basic,
          shapermc_ecumenical_altar_mp_ritualfount, minmay_misc_feat_square
D:2:      layout_basic, basic_altar
D:3:      layout_loops_corners, lemuel_zombie_altar_yredelemnul,
          nicolae_ru_the_path_less_chosen
D:4:      layout_basic, lemuel_doored_altar, minmay_misc_feat_encased
D:5:      layout_basic, bloody_makhleb, hellmonk_sif_muna_bookshelves,
          serial_shops, shop, gup_ossuary_entry_pyramid

Skill      XL: |  1  2 |
---------------+-------+-----
Fighting       | 3 |  3.2
Axes           | 2 |  2.1
Shields        | 3 |  3.0
Armour         | |  2.8
Dodging        | |  0.2

Action                     || total
---------------------------++-------
  Melee: War axe           ||    41
         Bite              ||     3
 Armour: Scale mail        ||    44
  Dodge: Dodged            ||    22
  Block: Buckler           ||    14

Table legend: (Time is in decaauts)
 A = Elapsed time spent in this place.
 B = Non-inter-level travel time spent in this place.
 C = Inter-level travel time spent in this place.
 D = Time resting spent in this place.
 E = Time spent auto-exploring this place.
 F = Levels seen in this place.
 G = Mean time per level.
                   A        B        C        D        E       F      G
               +--------+--------+--------+--------+--------+-----+--------+
         Total |    396 |    396 |      0 |      0 |      0 |   5 |   79.2 |
       Dungeon |    396 |    396 |      0 |      0 |      0 |   5 |   79.2 |
               +--------+--------+--------+--------+--------+-----+--------+

Top non-repeatable levels by time:
     D:4: 235 daAuts
     D:2: 68 daAuts
     D:1: 45 daAuts
     D:3: 40 daAuts
     D:5: 6 daAuts
